PL
LAS VEGAS FLAMINGOS @ NEW ORLEANS VOODOO
05/25/2034
 
TOP OF THE 1ST
Las Vegas Flamingos batting - Pitching for New Orleans Voodoo : RHP Shawn Williams
Pitching: RHP Shawn Williams
Batting: RHB Ellis Greenham 0-0: Ball
1-0: Ground out 5-3 (Groundball, 5)
Batting: LHB Ruud van Ineveld 0-0: Foul Ball, location: 2F
0-1: Ball
1-1: Swinging Strike
1-2: Ball
2-2: Ball
3-2: DOUBLE (Groundball, 3L)
Batting: RHB Baldomero Avino 0-0: Ball
Ruud van Ineveld is caught stealing 3rd base
1-0: Ball
2-0: Ball
3-0: Called Strike
3-1: Base on Balls
Batting: LHB Victor Adams 0-0: TRIPLE (Line Drive, 9D)
Baldomero Avino scores
Batting: RHB Sake van Arem 0-0: Ball
1-0: Foul Ball, location: 2F
1-1: Foul Ball, location: 2F
1-2: SINGLE (Groundball, 56D)
Victor Adams scores
Batting: RHB Xavier Hernández 0-0: Ground out 6-3 (Groundball, 6S)
Top of the 1st over - 2 runs, 3 hits, 0 errors, 1 left on base; Las Vegas 2 - New Orleans 0
BOTTOM OF THE 1ST
New Orleans Voodoo batting - Pitching for Las Vegas Flamingos : RHP Toddster Gordo
Pitching: RHP Toddster Gordo
Batting: RHB Sergio Vásquez 0-0: Ball
1-0: Ball
2-0: Ball
3-0: Called Strike
3-1: Called Strike
3-2: Ground out 6-3 (Groundball, 56)
Batting: RHB Gilberto Juárez 0-0: Ball
1-0: Ball
2-0: Foul Ball, location: 2F
2-1: Fly out, F8 (Flyball, 8RS)
Batting: RHB Guy Toussaint 0-0: Swinging Strike
0-1: Ball
1-1: Ball
2-1: Foul Ball, location: 2F
2-2: Ball
3-2: Fly out, F1 (Line Drive, 15)
Bottom of the 1st over - 0 runs, 0 hits, 0 errors, 0 left on base; Las Vegas 2 - New Orleans 0
TOP OF THE 2ND
Las Vegas Flamingos batting - Pitching for New Orleans Voodoo : RHP Shawn Williams
Batting: RHB Daniel Maldonado 0-0: Called Strike
0-1: Swinging Strike
0-2: Ball
1-2: Strikes out swinging
Batting: SHB Glyn Bolasky 0-0: Called Strike
0-1: Foul Ball, location: 2F
0-2: Ball
1-2: Foul Ball, location: 2F
1-2: Ball
2-2: Foul Ball, location: 2F
2-2: Foul Ball, location: 2F
2-2: Ball
3-2: Ground out 5-3 (Groundball, 5)
Batting: RHB Adrian Rodgers 0-0: Swinging Strike
0-1: Swinging Strike
0-2: Ball
1-2: Strikes out swinging
Top of the 2nd over - 0 runs, 0 hits, 0 errors, 0 left on base; Las Vegas 2 - New Orleans 0
BOTTOM OF THE 2ND
New Orleans Voodoo batting - Pitching for Las Vegas Flamingos : RHP Toddster Gordo
Batting: RHB Claudio Tappen 0-0: Ball
1-0: Swinging Strike
1-1: Foul Ball, location: 2F
1-2: Ball
2-2: Fly out, F8 (Flyball, 8RD)
Batting: LHB Chris McKinney 0-0: Ground out 6-3 (Groundball, 6)
Batting: RHB Griffin Woodfinlevine 0-0: Ground out 3-1 (Groundball, 34S)
Bottom of the 2nd over - 0 runs, 0 hits, 0 errors, 0 left on base; Las Vegas 2 - New Orleans 0
TOP OF THE 3RD
Las Vegas Flamingos batting - Pitching for New Orleans Voodoo : RHP Shawn Williams
Batting: RHB Ellis Greenham 0-0: Called Strike
0-1: Called Strike
0-2: Foul Ball, location: 2F
0-2: Ball
1-2: Ball
2-2: Ball
3-2: Base on Balls
Batting: LHB Ruud van Ineveld 0-0: Called Strike
0-1: Ball
1-1: Ball
2-1: Ground out 4-3 (Groundball, 34)
Ellis Greenham to second
Batting: RHB Baldomero Avino 0-0: Ball
1-0: Ball
Ellis Greenham steals 3rd base
2-0: Foul Ball, location: 2F
2-1: Ball
3-1: Foul Ball, location: 2F
3-2: Base on Balls
Batting: LHB Victor Adams 0-0: Called Strike
0-1: Ball
1-1: Foul Ball, location: 2F
1-2: DOUBLE (Groundball, 3L)
Ellis Greenham scores
Baldomero Avino to third
Batting: RHB Sake van Arem 0-0: Swinging Strike
0-1: Ball
1-1: Ball
2-1: SINGLE (Groundball, 4MD)
Baldomero Avino scores
Victor Adams to third
Batting: RHB Xavier Hernández 0-0: Ball
Sake van Arem steals 2nd base
1-0: Called Strike
1-1: Foul Ball, location: 2F
1-2: Ball
2-2: Ball
3-2: Base on Balls
Batting: RHB Daniel Maldonado 0-0: Fly out, F8 (Flyball, 89XD)
Runner from 3rd tags up, SCORES, no throw
Sake van Arem to third
Batting: SHB Glyn Bolasky 0-0: Called Strike
0-1: Foul Ball, location: 2F
0-2: Foul Ball, location: 2F
0-2: Strikes out swinging
Top of the 3rd over - 3 runs, 2 hits, 0 errors, 2 left on base; Las Vegas 5 - New Orleans 0
BOTTOM OF THE 3RD
New Orleans Voodoo batting - Pitching for Las Vegas Flamingos : RHP Toddster Gordo
Batting: RHB Orlando Velásquez 0-0: Ground out 6-3 (Groundball, 6)
Batting: RHB Eikki Kankaanperä 0-0: Ground out 6-3 (Groundball, 6)
Batting: RHB Colm Goodwill 0-0: Ball
1-0: DOUBLE (Line Drive, 9LM)
Batting: RHB Sergio Vásquez 0-0: Called Strike
0-1: Ball
1-1: Ball
2-1: Ground out 4-3 (Groundball, 4)
Bottom of the 3rd over - 0 runs, 1 hit, 0 errors, 1 left on base; Las Vegas 5 - New Orleans 0
TOP OF THE 4TH
Las Vegas Flamingos batting - Pitching for New Orleans Voodoo : RHP Shawn Williams
Batting: RHB Adrian Rodgers 0-0: Ground out 6-3 (Groundball, 6)
Batting: RHB Ellis Greenham 0-0: Called Strike
0-1: Ball
1-1: Ball
2-1: Ball
3-1: Called Strike
3-2: Base on Balls
Batting: LHB Ruud van Ineveld 0-0: Ball
Ellis Greenham steals 2nd base
1-0: Called Strike
1-1: Foul Ball, location: 2F
1-2: Ball
2-2: Foul Ball, location: 2F
2-2: Foul Ball, location: 2F
2-2: Ball
3-2: Ground out 4-3 (Groundball, 4)
Ellis Greenham to third
Batting: RHB Baldomero Avino 0-0: Ball
1-0: Called Strike
1-1: Ball
2-1: Ball
3-1: Base on Balls
Batting: LHB Victor Adams 0-0: SINGLE (Groundball, 6D)
Ellis Greenham scores
Baldomero Avino to second
Batting: RHB Sake van Arem 0-0: Ball
1-0: Foul Ball, location: 2F
1-1: Ball
2-1: SINGLE (Line Drive, 8LS)
Baldomero Avino to third
Victor Adams to second
Batting: RHB Xavier Hernández 0-0: Foul Ball, location: 2F
0-1: Ball
1-1: Foul Ball, location: 2F
1-2: Ball
2-2: SINGLE (Flyball, 78S)
Baldomero Avino scores
Victor Adams to third
Sake van Arem to second
Runner from 3rd tries for Home, SAFE, throw made home
Pitching: RHP Austin Aries
Batting: RHB Daniel Maldonado 0-0: Ball
1-0: Ball
2-0: Foul Ball, location: 2F
2-1: Foul Ball, location: 2F
2-2: Fly out, F3 (Popup, 3S)
Top of the 4th over - 3 runs, 3 hits, 0 errors, 2 left on base; Las Vegas 8 - New Orleans 0
BOTTOM OF THE 4TH
New Orleans Voodoo batting - Pitching for Las Vegas Flamingos : RHP Toddster Gordo
Batting: RHB Gilberto Juárez 0-0: Foul Ball, location: 2F
0-1: Called Strike
0-2: SINGLE (Line Drive, 78S)
Batting: RHB Guy Toussaint 0-0: Ball
1-0: Ball
2-0: Grounds into double play, 5-4-3 (Groundball, 56)
Batting: RHB Claudio Tappen 0-0: Called Strike
0-1: Ball
1-1: Fly out, F7 (Flyball, 78M)
Bottom of the 4th over - 0 runs, 1 hit, 0 errors, 0 left on base; Las Vegas 8 - New Orleans 0
TOP OF THE 5TH
Las Vegas Flamingos batting - Pitching for New Orleans Voodoo : RHP Austin Aries
Batting: SHB Glyn Bolasky 0-0: Ball
1-0: Ball
2-0: Called Strike
2-1: Foul Ball, location: 2F
2-2: Ground out 6-3 (Groundball, 6)
Batting: RHB Adrian Rodgers 0-0: Ball
1-0: SINGLE (Flyball, 8LS)
Batting: RHB Ellis Greenham 0-0: Called Strike
0-1: Ball
1-1: Fly out, F9 (Flyball, 9S)
Batting: LHB Ruud van Ineveld 0-0: Ball
1-0: Ball
2-0: Called Strike
2-1: Swinging Strike
2-2: Ground out 5-3 (Groundball, 56S)
Top of the 5th over - 0 runs, 1 hit, 0 errors, 1 left on base; Las Vegas 8 - New Orleans 0
BOTTOM OF THE 5TH
New Orleans Voodoo batting - Pitching for Las Vegas Flamingos : RHP Toddster Gordo
Batting: LHB Chris McKinney 0-0: Called Strike
0-1: Ball
1-1: Ball
2-1: Called Strike
2-2: Ground out 4-3 (Groundball, 4)
Batting: RHB Griffin Woodfinlevine 0-0: Swinging Strike
0-1: Ground out 5-3 (Groundball, 56)
Batting: RHB Orlando Velásquez 0-0: Ball
1-0: Foul Ball, location: 2F
1-1: Ball
2-1: Ball
3-1: Swinging Strike
3-2: Fly out, F6 (Popup, 6D)
Bottom of the 5th over - 0 runs, 0 hits, 0 errors, 0 left on base; Las Vegas 8 - New Orleans 0
TOP OF THE 6TH
Las Vegas Flamingos batting - Pitching for New Orleans Voodoo : RHP Austin Aries
Batting: RHB Baldomero Avino 0-0: Ball
1-0: Foul Ball, location: 2F
1-1: Ball
2-1: Called Strike
2-2: TRIPLE (Flyball, 9D)
Batting: LHB Victor Adams 0-0: Ball
1-0: SINGLE (Groundball, 34D)
Baldomero Avino scores
Batting: RHB Sake van Arem 0-0: Fly out, F4 (Flyball, 34D)
Batting: RHB Xavier Hernández 0-0: DOUBLE (Flyball, 8RXD)
Victor Adams to third
Batting: RHB Daniel Maldonado 0-0: Ball
1-0: SINGLE (Groundball, 56D)
Victor Adams scores
Xavier Hernández to third
Runner from 3rd tries for Home, SAFE, no throw
Batting: SHB Glyn Bolasky 0-0: Ball
1-0: Foul Ball, location: 2F
1-1: 2-RUN HOME RUN (Flyball, 9LD), Distance : 324 ft
Batting: RHB Adrian Rodgers 0-0: Foul Ball, location: 2F
0-1: Swinging Strike
0-2: Strikes out swinging
Batting: RHB Ellis Greenham 0-0: Called Strike
0-1: Ball
1-1: SINGLE (Line Drive, 4MD)
Batting: LHB Ruud van Ineveld 0-0: Called Strike
0-1: Ball
1-1: Ball
2-1: Ball
Pickoff Throw to First - Error! E1
Ellis Greenham to second
3-1: 2-RUN HOME RUN (Flyball, 9LD), Distance : 338 ft
Batting: RHB Baldomero Avino 0-0: Swinging Strike
0-1: Ball
1-1: Foul Ball, location: 2F
1-2: Ball
2-2: Ball
3-2: Strikes out swinging
Top of the 6th over - 7 runs, 7 hits, 1 error, 0 left on base; Las Vegas 15 - New Orleans 0
BOTTOM OF THE 6TH
New Orleans Voodoo batting - Pitching for Las Vegas Flamingos : RHP Toddster Gordo
Batting: RHB Eikki Kankaanperä 0-0: Ball
1-0: Called Strike
1-1: Called Strike
1-2: Foul Ball, location: 2F
1-2: Fly out, F6 (Popup, 6D)
Batting: RHB Colm Goodwill 0-0: Fly out, F5 (Line Drive, 56)
Batting: RHB Sergio Vásquez 0-0: SINGLE (Line Drive, 56D)
Batting: RHB Gilberto Juárez 0-0: Fly out, F6 (Popup, P)
Bottom of the 6th over - 0 runs, 1 hit, 0 errors, 1 left on base; Las Vegas 15 - New Orleans 0
TOP OF THE 7TH
Las Vegas Flamingos batting - Pitching for New Orleans Voodoo : RHP Austin Aries
Batting: LHB Victor Adams 0-0: Ball
1-0: Fly out, F7 (Flyball, 7)
Batting: RHB Sake van Arem 0-0: Ball
1-0: Swinging Strike
1-1: Ball
2-1: Foul Ball, location: 2F
2-2: Foul Ball, location: 2F
2-2: Foul Ball, location: 2F
2-2: Ball
3-2: Foul Ball, location: 2F
3-2: SINGLE (Line Drive, 7S)
Pitching: RHP Mark Valle
Batting: RHB Xavier Hernández 0-0: Called Strike
Throwing error on steal attempt, E2
Sake van Arem to third
0-1: Ball
1-1: Called Strike
1-2: Strikes out swinging
Batting: RHB Daniel Maldonado 0-0: Ball
1-0: Foul Ball, location: 2F
1-1: Ball
2-1: Ball
3-1: Foul Ball, location: 2F
3-2: 2-RUN HOME RUN (Flyball, 7LD), Distance : 337 ft
Pinch Hitting: RHB Shihei Kichikawa 0-0: SINGLE (Groundball, 6D)
Batting: RHB Adrian Rodgers 0-0: Called Strike
0-1: Ball
1-1: Swinging Strike
1-2: Ball
2-2: Strikes out swinging passed ball, reaches first!
Shihei Kichikawa to second
Batting: RHB Ellis Greenham 0-0: Swinging Strike
0-1: Ball
1-1: Called Strike
1-2: Strikes out looking
Top of the 7th over - 2 runs, 3 hits, 1 error, 2 left on base; Las Vegas 17 - New Orleans 0
BOTTOM OF THE 7TH
New Orleans Voodoo batting - Pitching for Las Vegas Flamingos : RHP Toddster Gordo
Now in LF: Shihei Kichikawa
Batting: RHB Guy Toussaint 0-0: Swinging Strike
0-1: Ball
1-1: Ball
2-1: Ball
3-1: SINGLE (Groundball, 34D)
Batting: RHB Claudio Tappen 0-0: Ball
1-0: Fielders Choice at 2nd, 5-4 (Groundball, 56)
Batting: LHB Chris McKinney 0-0: Ball
1-0: Grounds into double play, 4-6-3 (Groundball, 4)
Bottom of the 7th over - 0 runs, 1 hit, 0 errors, 0 left on base; Las Vegas 17 - New Orleans 0
TOP OF THE 8TH
Las Vegas Flamingos batting - Pitching for New Orleans Voodoo : RHP Mark Valle
Batting: LHB Ruud van Ineveld 0-0: Called Strike
0-1: Ground out 4-3 (Groundball, 34D)
Batting: RHB Baldomero Avino 0-0: Ball
1-0: Ball
2-0: Called Strike
2-1: Ground out 5-3 (Groundball, 56S)
Batting: LHB Victor Adams 0-0: Ground out 4-3 (Groundball, 34D)
Top of the 8th over - 0 runs, 0 hits, 0 errors, 0 left on base; Las Vegas 17 - New Orleans 0
BOTTOM OF THE 8TH
New Orleans Voodoo batting - Pitching for Las Vegas Flamingos : RHP Toddster Gordo
Batting: RHB Griffin Woodfinlevine 0-0: Called Strike
0-1: Ball
1-1: Swinging Strike
1-2: Ground out U3 (Groundball, 34)
Batting: RHB Orlando Velásquez 0-0: Called Strike
0-1: Ball
1-1: Ball
2-1: Swinging Strike
2-2: Strikes out swinging
Batting: RHB Eikki Kankaanperä 0-0: Ball
1-0: Ground out 6-3 (Groundball, 6)
Bottom of the 8th over - 0 runs, 0 hits, 0 errors, 0 left on base; Las Vegas 17 - New Orleans 0
TOP OF THE 9TH
Las Vegas Flamingos batting - Pitching for New Orleans Voodoo : RHP Mark Valle
Batting: RHB Sake van Arem 0-0: Called Strike
0-1: Foul Ball, location: 2F
0-2: Ball
1-2: Foul Ball, location: 2F
1-2: Strikes out looking
Batting: RHB Xavier Hernández 0-0: Foul Ball, location: 2F
0-1: Foul Ball, location: 2F
0-2: Strikes out swinging
Batting: RHB Daniel Maldonado 0-0: Ball
1-0: Fly out, F9 (Flyball, 89D)
Top of the 9th over - 0 runs, 0 hits, 0 errors, 0 left on base; Las Vegas 17 - New Orleans 0
BOTTOM OF THE 9TH
New Orleans Voodoo batting - Pitching for Las Vegas Flamingos : RHP Toddster Gordo
Batting: RHB Colm Goodwill 0-0: Ball
1-0: Swinging Strike
1-1: Called Strike
1-2: Ball
2-2: Ball
3-2: Foul Ball, location: 2F
3-2: Fly out, F8 (Flyball, 8LD)
Batting: RHB Sergio Vásquez 0-0: Ball
1-0: Called Strike
1-1: Fly out, F9 (Flyball, 9S)
Batting: RHB Gilberto Juárez 0-0: Called Strike
0-1: Foul Ball, location: 2F
0-2: Ball
1-2: Ball
2-2: SOLO HOME RUN (Flyball, 7LD), Distance : 340 ft
Batting: RHB Guy Toussaint 0-0: Ball
1-0: SOLO HOME RUN (Flyball, 7LD), Distance : 343 ft
Batting: RHB Claudio Tappen 0-0: Ground out 3-1 (Groundball, 3S)
Bottom of the 9th over - 2 runs, 2 hits, 0 errors, 0 left on base; Las Vegas 17 - New Orleans 2
Friday, March 29th, 2019 - OOTP Baseball 18.8 Build 76